 Dungeon Crawl Stone Soup version 0.22-a0-422-g9628fc8 (webtiles) character file.

32 Kairos the Skirmisher (level 3, 20/20 HPs)
             Began as a Vine Stalker Fighter on May 19, 2018.
             Quit the game on level 1 of the Dungeon.
             The game lasted 00:01:08 (1082 turns).

Kairos the Skirmisher (Vine Stalker Fighter)        Turns: 1082, Time: 00:01:08

Health: 20/20      AC:  6    Str: 19    XL:     3   Next: 27%
Magic:  4/4        EV:  7    Int:  8    God:
Gold:   7          SH:  9    Dex: 13    Spells: 2/2 levels left

rFire    x . .     SeeInvis .   a - +0 war axe
rCold    + . .     Gourm    .   c - +0 shield
rNeg     . . .     Faith    .   b - +0 scale mail
rPois    .         Spirit   +   (no helmet)
rElec    .         Reflect  .   (no cloak)
rCorr    .         Harm     .   (no gloves)
MR       .....                  (no boots)
Stlth    ..........             (no amulet)
HPRegen  0.06/turn              h - ring of ice
MPRegen  0.09/turn              (no ring)

@: no status effects
A: fangs 2, magic shield, antimagic bite, no potion heal 3, rot immunity
a: no special abilities


You were on level 1 of the Dungeon.
You were hungry.

You visited 1 branch of the dungeon, and saw 1 of its levels.

You collected 7 gold pieces.

Inventory:

Hand Weapons
 a - a +0 war axe (weapon)
Armour
 b - a +0 scale mail (worn)
 c - a +0 shield (worn)
Jewellery
 h - a ring of ice (left hand)
Scrolls
 g - a scroll of blinking {unknown}
 k - 2 scrolls of identify {unknown}
 l - a scroll of magic mapping {unknown}
Potions
 d - a potion of might
 j - a potion of resistance {unknown}
Comestibles
 f - a ration


   Skills:
 + Level 3.0 Fighting
 + Level 2.2 Axes
 + Level 2.8 Armour
 + Level 2.9 Shields


You had 2 spell levels left.
You didn't know any spells.
Your spell library was empty.

Dungeon Overview and Level Annotations

Branches:
Dungeon (1/15)

Altars:


Innate Abilities, Weirdness & Mutations

You have extremely sharp teeth.
When hurt, damage is shared between your health and your magic reserves.
Your bite disrupts and absorbs the magic of your enemies.
Potions cannot restore your health.
You are immune to rotting.


Message History

You block the goblin's attack. x2
A goblin is nearby!
You slash the goblin!
You kill the goblin!
No target in view!
You see here a club.
You see here a club.
You see here a hand axe.
You see here a stone.
You see here a stone.
Key pressed, stopping explore.
No target in view!
Done exploring.
No target in view!
Done exploring.
No target in view!
Done exploring.
No target in view!
Done exploring.
Are you sure you want to abandon this character and quit the game? (Confirm with "yes".)

#...#...##'##'##'### #
#...#...'..#...#.#####
#...#...#..#...#......
#...########...#####.#
#.......+......# #..
#.......#......# #..
#.......'......#####..
##################(.+..
#.....@.# #......#.##..
#..####.# ######.#.#...
#..# #.# #...#)#...
##.# #.# #.#....... #.#
#.######.#.#.#... #.#
#........#.#.#.## #.#
##......)#.#.#.# #.#
#.#####.#.#.#.#
#.#####.####..#.#.#.##


There were no monsters in sight!

Vanquished Creatures
  A leopard gecko (D:1)
  5 bats (D:1)
  4 giant cockroaches (D:1)
  3 goblins (D:1)
  6 hobgoblins (D:1)
  A ball python (D:1)
  A frilled lizard (D:1)
  6 kobolds (D:1)
  A rat (D:1)
28 creatures vanquished.

Notes
Turn   | Place    | Note
-------+----------+-------------------------------------------
     0 | D:1      | Kairos the Vine Stalker Fighter began the quest for the Orb.
     0 | D:1      | Reached XP level 1. HP: 11/11 MP: 2/2
   130 | D:1      | Reached XP level 2. HP: 16/16 MP: 3/3
   423 | D:1      | Reached skill level 3 in Fighting
   423 | D:1      | Reached XP level 3. HP: 4/20 MP: 0/4
  1082 | D:1      | Quit the game

Vault maps used:
D:1:      minmay_arrival_widening_spiral_wide, minivault_26

Skill      XL: |  1  2 |
---------------+-------+-----
Axes           | 2 |  2.2
Fighting       | 3 |  3.0
Armour         | |  2.8
Shields        | |  2.9

Action                   || total
-------------------------++-------
Melee: War axe           ||    78
       Bite              ||    14
  Use: Potion            ||     2
Armor: Scale mail        ||    45
Dodge: Dodged            ||    30
Block: Shield            ||    45

Table legend:
 A = Spawn XP
 B = Non-spawn XP
 C = Spawn XP percentage of total XP
 D = Spawn monster count
 E = Non-spawn monster count
 F = Spawn count percentage of total count
 G = Total turns spent on level
                    A         B        C        D         E        F      G
               +---------+---------+-------+---------+---------+-------+---------
         Total |       0 |      47 |   0.0 |       0 |      28 |   0.0 |  1082
               +---------+---------+-------+---------+---------+-------+---------
           D:1 |       0 |      47 |   0.0 |       0 |      28 |   0.0 |  1082
               +---------+---------+-------+---------+---------+-------+---------
